 Dungeon Crawl Stone Soup version 0.30.1-11-g7821555f0a (webtiles) character file.

Game seed: 12880478063716899507

6918 ChrisAssaf the Covert (level 11, -7/85 HPs)
             Began as a Gnoll Brigand on Nov 12, 2023.
             Was a Believer of Fedhas.
             Mangled by a two-headed ogre
             ... wielding a +0 dire flail
              (18 damage)
             ... on level 9 of the Dungeon.
             The game lasted 00:36:11 (9595 turns).

ChrisAssaf the Covert (Gnoll Brigand)               Turns: 9595, Time: 00:36:12

Health: -7/85      AC:  9    Str: 13    XL:     11   Next: 7%
Magic:  14/20      EV: 19    Int: 13    God:    Fedhas [**....]
Gold:   233        SH:  5    Dex: 13    Spells: 15/22 levels left

rFire   . . .        l - +3 dagger (venom)
rCold   . . .        m - orb {mayhem}
rNeg    . . .        b - +1 robe
rPois   +            g - +2 helmet
rElec   .            c - +1 cloak
rCorr   .            (no gloves)
SInv    .            (no boots)
Will    .....        i - amulet of reflection
Stlth   ++++         f - ring of poison resistance
HPRegen 0.34/turn    p - +5 ring of evasion
MPRegen 0.17/turn

%: mayhem, reflection
@: no status effects
A: fangs 1, strong nose, distributed training, screaming 1
a: Renounce Religion, Wall of Briars


You were on level 9 of the Dungeon.
You worshipped Fedhas.
Fedhas was pleased with you.
You visited 1 branch of the dungeon, and saw 9 of its levels.
You also visited: Ossuary.

You collected 371 gold pieces.
You spent 138 gold pieces at shops.

Inventory:

Hand Weapons
 l - a +3 dagger of venom (weapon)
Missiles
 d - a throwing net
 e - 7 curare-tipped darts
 j - 9 poisoned darts (quivered)
Armour
 b - a +1 robe (worn)
 c - a +1 cloak (worn)
 g - a +2 helmet (worn)
 m - an orb of mayhem (worn)
 o - a +2 hat
Jewellery
 f - a ring of poison resistance (left hand)
 i - an amulet of reflection (around neck)
 p - a +5 ring of evasion (right hand)
 v - an amulet of the acrobat
 B - a ring of protection from cold
 E - a +6 ring of intelligence
Wands
 C - a wand of mindburst (8)
 F - a wand of iceblast (3)
 G - a wand of polymorph (6)
 H - a wand of charming (10)
Scrolls
 a - a scroll of vulnerability
 h - 2 scrolls of immolation
 t - 5 scrolls of teleportation
 u - 3 scrolls of fog
 y - a scroll of noise
 z - 2 scrolls of magic mapping
 D - a scroll of poison
 I - 3 scrolls of identify
Potions
 k - a potion of haste {unknown}
 n - 4 potions of degeneration
 q - 8 potions of curing
 r - 3 potions of brilliance
 s - 2 potions of heal wounds
 w - 3 potions of lignification
 x - 2 potions of attraction
 A - a potion of invisibility {unknown}


   Skills:
 + Level 7.7 Fighting
 + Level 7.7 Short Blades
 + Level 6.1 Long Blades
 + Level 6.1 Axes
 + Level 6.1 Maces & Flails
 + Level 6.1 Polearms
 + Level 6.1 Staves
 + Level 6.1 Ranged Weapons
 + Level 7.7 Throwing
 + Level 6.1 Armour
 + Level 6.7 Dodging
 + Level 10.0 Stealth
 + Level 6.1 Shields
 + Level 6.1 Unarmed Combat
 + Level 6.1 Spellcasting
 + Level 5.1 Conjurations
 + Level 5.1 Hexes
 + Level 5.1 Summonings
 + Level 5.1 Necromancy
 + Level 5.1 Translocations
 + Level 5.1 Transmutations
 + Level 5.1 Fire Magic
 + Level 5.1 Ice Magic
 + Level 5.1 Air Magic
 + Level 5.1 Earth Magic
 + Level 5.1 Poison Magic
 + Level 6.7 Invocations
 + Level 6.1 Evocations


You had 15 spell levels left.
You knew the following spells:

 Your Spells              Type           Power      Damage    Failure   Level
a - Petrify               Tmut/Erth      17%        N/A       21%         4
b - Call Canine Familiar  Summ           17%        N/A       6%          3

Your spell library contained the following spells:

 Spells                   Type           Power      Damage    Failure   Level
 Gell's Gravitas          Tloc           17%        N/A       6%          3
 Portal Projectile        Hex/Tloc       34%        N/A       6%          3
 Teleport Other           Tloc           17%        N/A       6%          3
 Leda's Liquefaction      Hex/Erth       8%         N/A       21%         4
 Metabolic Englaciation   Hex/Ice        8%         N/A       50%         5
 Dispersal                Tloc           8%         N/A       97%         6
 Statue Form              Tmut/Erth      11%        N/A       97%         6


Dungeon Overview and Level Annotations

Branches:
Dungeon (9/15)             Temple (0/1) D:7            Lair (0/5) D:9
Ossuary (visited)
    Orc: D:9-12

Altars:
Fedhas

Shops:
D:6 *

Annotations:
D:4 1 runed translucent door


Innate Abilities, Weirdness & Mutations

You have very sharp teeth.
Your uncanny sense of smell can sniff out nearby items.
Your experience applies equally to all skills.
You occasionally shout uncontrollably at your foes.


Message History

The two-headed ogre attacks as you move away!
The two-headed ogre hits you with a +0 dire flail.
The two-headed ogre completely misses you.
Casting: Petrify (dangerous; 21% risk of failure)
Confirm with . or Enter, or press ? or * to list all spells.
Aiming: Petrify (dangerous; 21% risk of failure)
Press: ? - help, Shift-Dir - straight line, f - two-headed ogre
Aim: a two-headed ogre, wielding a +0 dire flail and a +0 giant club (heavily wounded, chance to affect: 32%)
The two-headed ogre easily resists.
The two-headed ogre hits you with a +0 dire flail!!
The two-headed ogre hits you with a +0 giant club!!
You barely miss the two-headed ogre.
The two-headed ogre is heavily wounded.
You hit the two-headed ogre.
The two-headed ogre is poisoned.
You bite the two-headed ogre, but do no damage.
The two-headed ogre is heavily wounded.
The two-headed ogre hits you with a +0 dire flail!!
* * * LOW HITPOINT WARNING * * *
The two-headed ogre hits you with a +0 giant club!
* * * LOW HITPOINT WARNING * * *
You feel much better.
The two-headed ogre attacks as you move away!
You block the two-headed ogre's attack.
The two-headed ogre hits you with a +0 giant club!
The two-headed ogre attacks as you move away!
The two-headed ogre hits you with a +0 dire flail.
* * * LOW HITPOINT WARNING * * *
The two-headed ogre hits you with a +0 giant club!
* * * LOW HITPOINT WARNING * * *
Throw: 10 darts (poison)
Press: ? - help, Q - select action, (/) - cycle Shift-Dir - straight line, f/p - two-headed ogre
Aim: a two-headed ogre, wielding a +0 dire flail and a +0 giant club (severely wounded, poisoned, 77% to hit)
You throw a poisoned dart.
The poisoned dart hits the two-headed ogre.
The two-headed ogre looks even sicker.
The two-headed ogre is severely wounded.
The two-headed ogre attacks as you move away!
The two-headed ogre hits you with a +0 dire flail!!
You die...
Fedhas appreciates your contribution to the ecosystem.

##################
.............)...#
.#####..#######..#
#..# #..# #..#
#..# #..# #..#
#..# #.(# #..#
#.O# #..# #.@#
#..# #.(# #..#
#..# #..# #.(# .
#..# #).# . #..#
#.(. .#####..#
#.... ........#
#...g ........#
#...##


You could see a two-headed ogre (very poisoned).

Vanquished Creatures
  2 two-headed ogres
  A gargoyle (D:7)
  The ghost of fireball365 the Chopper, an amateur OgGl (D:4)
  2 hornets (D:9)
  A troll (D:9)
  Prince Ribbit (D:6)
  A wraith (Ossuary)
  A wyvern (D:8)
  5 yaks (D:7)
  2 steam dragons
  2 water moccasins (D:7)
  Duvessa (D:4)
  An orc warrior (D:7)
  2 sky beasts (D:7)
  2 black bears (D:6)
  2 ogres
  2 centaurs (D:9)
  2 phantoms
  2 bullfrogs (D:6)
  2 gnoll sergeants
  6 scorpions
  Dowan (D:4)
  6 howler monkeys
  3 hounds
  A jelly (D:7)
  3 orc priests
  Ijyb (D:4)
  Jessica (D:2)
  3 iguanas (D:5)
  3 orc wizards
  A mummy (Ossuary)
  Robin (D:3)
  12 gnolls
  7 adders
  A river rat (D:4)
  2 shadow imps
  2 white imps (D:6)
  3 ufetubi
  2 worms
  5 dart slugs
  11 orcs
  3 ball pythons
  6 endoplasms
  8 giant cockroaches
  14 hobgoblins
  3 quokkas
  8 bats
  2 frilled lizards
  5 gnoll skeletons (Ossuary)
  8 goblins
  A goblin zombie (D:8)
  9 kobolds
  4 kobold skeletons (Ossuary)
  10 orc skeletons (Ossuary)
  6 rats
  A rat zombie (D:8)
198 creatures vanquished.

Vanquished Creatures (collateral kills)
  An orc warrior (D:9)
  A gnoll sergeant (D:9)
  2 howler monkeys (D:9)
  4 gnolls
  A river rat (D:4)
  A worm (D:4)
  2 orcs
  A giant cockroach (D:4)
  2 goblins
  2 gnoll skeletons (Ossuary)
  4 orc skeletons (Ossuary)
  A rat (D:2)
22 creatures vanquished.

Vanquished Creatures (others)
  A howler monkey (D:8)
  An orc (D:4)
2 creatures vanquished.

Grand Total: 222 creatures vanquished

Notes
Turn   | Place    | Note
-------+----------+-------------------------------------------
     0 | D:1      | ChrisAssaf the Gnoll Brigand began the quest for the Orb.
     0 | D:1      | Reached XP level 1. HP: 20/20 MP: 1/1
   152 | D:1      | Reached XP level 2. HP: 22/26 MP: 2/2
   211 | D:2      | Reached XP level 3. HP: 22/31 MP: 3/3
   328 | D:2      | Reached skill level 1 in Invocations
   333 | D:2      | Noticed Jessica
   348 | D:2      | Killed Jessica
   349 | D:2      | Reached skill level 1 in Long Blades
   349 | D:2      | Reached skill level 1 in Axes
   349 | D:2      | Reached skill level 1 in Maces & Flails
   349 | D:2      | Reached skill level 1 in Polearms
   349 | D:2      | Reached skill level 1 in Staves
   349 | D:2      | Reached skill level 1 in Ranged Weapons
   349 | D:2      | Reached skill level 1 in Armour
   349 | D:2      | Reached skill level 1 in Shields
   349 | D:2      | Reached skill level 1 in Unarmed Combat
   349 | D:2      | Reached skill level 1 in Spellcasting
   349 | D:2      | Reached skill level 1 in Evocations
   349 | D:2      | Reached XP level 4. HP: 38/38 MP: 5/5
   550 | D:4      | Reached skill level 1 in Conjurations
   550 | D:4      | Reached skill level 1 in Hexes
   550 | D:4      | Reached skill level 1 in Summonings
   550 | D:4      | Reached skill level 1 in Necromancy
   550 | D:4      | Reached skill level 1 in Translocations
   550 | D:4      | Reached skill level 1 in Transmutations
   550 | D:4      | Reached skill level 1 in Fire Magic
   550 | D:4      | Reached skill level 1 in Ice Magic
   550 | D:4      | Reached skill level 1 in Air Magic
   550 | D:4      | Reached skill level 1 in Earth Magic
   550 | D:4      | Reached skill level 1 in Poison Magic
   699 | D:4      | Noticed Dowan
   700 | D:4      | Noticed Duvessa
   712 | D:4      | Killed Duvessa
   713 | D:4      | Reached skill level 8 in Stealth
   713 | D:4      | Reached XP level 5. HP: 26/43 MP: 5/7
   729 | D:4      | Killed Dowan
   730 | D:4      | Reached skill level 5 in Fighting
   730 | D:4      | Reached skill level 5 in Short Blades
   730 | D:4      | Reached skill level 5 in Throwing
   730 | D:4      | Reached XP level 6. HP: 18/51 MP: 6/9
   751 | D:5      | Entered Level 5 of the Dungeon
   859 | D:6      | Noticed Prince Ribbit
   863 | D:6      | Killed Prince Ribbit
   864 | D:6      | Reached XP level 7. HP: 56/56 MP: 10/10
   948 | D:6      | Gained mutation: You are partially covered in iridescent
                  | scales. (AC +2) [potion of mutation]
  1081 | D:7      | Reached XP level 8. HP: 32/63 MP: 12/12
  1512 | D:8      | Noticed a wyvern
  1681 | D:8      | Found a sand-covered staircase.
  1689 | Ossuary  | Entered an ossuary
  1689 | Ossuary  | Noticed a wraith
  1689 | Ossuary  | Noticed a wraith
  1689 | Ossuary  | Noticed a wraith
  1908 | Ossuary  | Noticed a wraith
  1921 | Ossuary  | Killed a wraith
  2068 | D:8      | Killed a wyvern
  2092 | D:8      | Learned a level 4 spell: Petrify
  2268 | D:8      | Noticed a two-headed ogre
  2271 | D:8      | Killed a two-headed ogre
  2272 | D:8      | Reached skill level 5 in Dodging
  2272 | D:8      | Reached XP level 9. HP: 69/69 MP: 13/15
  2445 | D:8      | Reached skill level 9 in Stealth
  2653 | D:9      | Noticed a hornet
  2660 | D:9      | Paralysed by a hornet for 3 turns
  2664 | D:9      | Killed a hornet
  2805 | D:9      | Noticed a troll
  2806 | D:9      | Noticed a two-headed ogre
  2807 | D:9      | Noticed a death yak
  2807 | D:9      | Noticed a death yak
  2808 | D:9      | Noticed a death yak
  2822 | D:9      | Killed a two-headed ogre
  2823 | D:9      | Reached skill level 5 in Invocations
  2827 | D:9      | Killed a troll
  3099 | D:7      | Noticed a gargoyle
  3121 | D:7      | Killed a gargoyle
  3122 | D:7      | Reached skill level 5 in Long Blades
  3122 | D:7      | Reached skill level 5 in Axes
  3122 | D:7      | Reached skill level 5 in Maces & Flails
  3122 | D:7      | Reached skill level 5 in Polearms
  3122 | D:7      | Reached skill level 5 in Staves
  3122 | D:7      | Reached skill level 5 in Ranged Weapons
  3122 | D:7      | Reached skill level 5 in Armour
  3122 | D:7      | Reached skill level 5 in Shields
  3122 | D:7      | Reached skill level 5 in Unarmed Combat
  3122 | D:7      | Reached skill level 5 in Spellcasting
  3122 | D:7      | Reached skill level 5 in Evocations
  3122 | D:7      | Reached XP level 10. HP: 77/77 MP: 17/17
  3766 | D:7      | Found a staircase to the Ecumenical Temple.
  3775 | D:7      | Learned a level 3 spell: Call Canine Familiar
  4788 | D:6      | Found Isidufui's General Store.
  5074 | D:6      | Bought a scroll of immolation for 48 gold pieces
  5074 | D:6      | Bought a scroll of enchant weapon for 90 gold pieces
  5873 | D:4      | Found a runed translucent door.
  5874 | D:4      | Noticed fireball365's ghost (amateur OgGl)
  6106 | D:4      | Found a runed translucent door.
  6256 | D:4      | Noticed Ijyb
  6282 | D:4      | Killed Ijyb
  6525 | D:4      | Killed fireball365's ghost
  6640 | D:3      | Found a blossoming altar of Fedhas.
  6651 | D:3      | Became a worshipper of Fedhas Madash
  7055 | D:3      | Noticed Robin
  7057 | D:3      | Killed Robin
  7437 | D:2      | Reached * piety under Fedhas
  8096 | D:1      | Lost mutation: You are partially covered in iridescent
                  | scales. (AC +2) [potion of mutation]
  8096 | D:1      | Gained mutation: You occasionally shout uncontrollably at
                  | your foes. [potion of mutation]
  8751 | D:8      | Reached ** piety under Fedhas
  9089 | D:9      | Reached skill level 5 in Conjurations
  9089 | D:9      | Reached skill level 5 in Hexes
  9089 | D:9      | Reached skill level 5 in Summonings
  9089 | D:9      | Reached skill level 5 in Necromancy
  9089 | D:9      | Reached skill level 5 in Translocations
  9089 | D:9      | Reached skill level 5 in Transmutations
  9089 | D:9      | Reached skill level 5 in Fire Magic
  9089 | D:9      | Reached skill level 5 in Ice Magic
  9089 | D:9      | Reached skill level 5 in Air Magic
  9089 | D:9      | Reached skill level 5 in Earth Magic
  9089 | D:9      | Reached skill level 5 in Poison Magic
  9178 | D:9      | Noticed a death yak
  9178 | D:9      | Noticed a death yak
  9178 | D:9      | Noticed a death yak
  9178 | D:9      | Noticed a death yak
  9301 | D:9      | Reached XP level 11. HP: 80/85 MP: 20/20
  9386 | D:9      | Reached skill level 10 in Stealth
  9452 | D:9      | Found a staircase to the Lair.
  9541 | D:9      | Noticed a two-headed ogre
  9595 | D:9      | Mangled by a two-headed ogre

Illustrated notes

Levels and vault maps discovered:
D:1:      psy_arrival_radial01, layout_basic
D:2:      layout_rooms, uniq_jessica
D:3:      layout_loops_corners, fedhas_altar_3, uniq_robin
D:4:      layout_rooms, ebering_ghost_sewer_f, uniq_duvessa, uniq_ijyb
D:5:      layout_basic, kennysheep_big_empty_room
D:6:      layout_basic, serial_shops, nicolae_inconvenience_store,
          nicolae_kite_square_tiling_tiny, uniq_prince_ribbit1
D:7:      layout_loops_corners, temple_hall, minmay_misc_feat_diagonals
D:8:      layout_basic, enter_ossuary_4
D:9:      layout_long_grid, mainiacjoe_overflow_paths, dpeg_lair_monsters,
          grunt_ministairs_5

Skill      XL: |  1  2  3  4  5  6  7  8  9 10 11 |
---------------+----------------------------------+-----
Invocations    | 1 2 3 4 5 6 |  6.7
Long Blades    | 1 2 3 4 5 6 |  6.1
Axes           | 1 2 3 4 5 6 |  6.1
Maces & Flails | 1 2 3 4 5 6 |  6.1
Polearms       | 1 2 3 4 5 6 |  6.1
Staves         | 1 2 3 4 5 6 |  6.1
Ranged Weapons | 1 2 3 4 5 6 |  6.1
Armour         | 1 2 3 4 5 6 |  6.1
Shields        | 1 2 3 4 5 6 |  6.1
Unarmed Combat | 1 2 3 4 5 6 |  6.1
Spellcasting   | 1 2 3 4 5 6 |  6.1
Evocations     | 1 2 3 4 5 6 |  6.1
Conjurations   | 1 2 3 4 5 |  5.1
Hexes          | 1 2 3 4 5 |  5.1
Summonings     | 1 2 3 4 5 |  5.1
Necromancy     | 1 2 3 4 5 |  5.1
Translocations | 1 2 3 4 5 |  5.1
Transmutations | 1 2 3 4 5 |  5.1
Fire Magic     | 1 2 3 4 5 |  5.1
Ice Magic      | 1 2 3 4 5 |  5.1
Air Magic      | 1 2 3 4 5 |  5.1
Earth Magic    | 1 2 3 4 5 |  5.1
Poison Magic   | 1 2 3 4 5 |  5.1
Dodging        | 3 4 5 6 |  6.7
Stealth        | 8 9 10 | 10.0
Fighting       | 5 6 7 |  7.7
Short Blades   | 5 6 7 |  7.7
Throwing       | 5 6 7 |  7.7

Action                     |  1- 3 |  4- 6 |  7- 9 | 10-12 || total
---------------------------+-------+-------+-------+-------++-------
  Melee: Dagger            |    29 |    35 |   180 |   228 ||   472
         Bite              |     5 |     1 |    25 |    21 ||    52
         Punch             |     1 |       |       |       ||     1
  Throw: Dart              |    10 |    10 |    14 |    63 ||    97
         Throwing net      |       |     1 |       |     2 ||     3
   Cast: Petrify           |       |       |     2 |    40 ||    42
  Evoke: Wand              |       |       |     7 |    11 ||    18
    Use: Potion            |       |     1 |     2 |     3 ||     6
         Scroll            |       |       |    10 |     9 ||    19
   Stab: Sleeping          |     3 |     5 |     8 |    24 ||    40
         Petrifying        |       |       |     1 |     1 ||     2
         Petrified         |       |       |       |    22 ||    22
 Armour: Robe              |     7 |     4 |    27 |    56 ||    94
         Skin              |       |       |     1 |       ||     1
  Dodge: Dodged            |    19 |    19 |   112 |   268 ||   418
  Block: Other             |     3 |     1 |       |       ||     4
         Reflection        |     1 |       |     1 |     3 ||     5
         Orb               |       |    13 |    39 |    84 ||   136
